 Dungeon Crawl Stone Soup version 0.31-a0-819-gf6de2f5ab6 (webtiles) character file.

Game seed: 9953570156595076469

90 DApurpleWHUMPUS the Conjurer (level 4, 0/30 HPs)
             Began as a Human Conjurer on Sept 24, 2023.
             Slain by a gnoll
             ... wielding a +0 halberd
              (4 damage)
             ... on level 3 of the Dungeon.
             The game lasted 00:05:06 (1933 turns).

DApurpleWHUMPUS the Conjurer (Human Conjurer)       Turns: 1933, Time: 00:05:07

Health: 0/30       AC: 13    Str:  7    XL:     4   Next: 85%
Magic:  8/8        EV:  3    Int: 21    God:
Gold:   62         SH:  0    Dex: 11    Spells: 8/9 levels left

rFire   . . .        d - +1 dagger (speed)
rCold   . . .        (no shield)
rNeg    . . .        i - +4 chain mail
rPois   .            (no helmet)
rElec   .            (no cloak)
rCorr   .            h - +0 pair of gloves
SInv    .            (no boots)
Will    .....        (no amulet) Stlth
                     (no ring)
HPRegen 0.25/turn    (no ring)
MPRegen 0.11/turn

%: no passive effects
@: no status effects
A: no striking features
a: no special abilities


You were on level 3 of the Dungeon.
You visited 1 branch of the dungeon, and saw 3 of its levels.

You collected 112 gold pieces.
You spent 50 gold pieces at shops.

Inventory:

Hand Weapons
 c - a +3 sling
 d - a +1 dagger of speed (weapon)
Armour
 a - a +0 robe
 h - a +0 pair of gloves (worn)
 i - a +4 chain mail (worn)
Scrolls
 f - 2 scrolls of identify
 l - 2 scrolls of vulnerability {unknown}
 m - a scroll of amnesia {unknown}
Potions
 b - 2 potions of magic
 g - a potion of berserk rage {unknown}
 j - a potion of degeneration {unknown}


   Skills:
 - Level 2.0 Dodging
 - Level 2.0 Stealth
 * Level 3.3 Spellcasting
 * Level 5.0 Conjurations


You had 8 spell levels left.
You knew the following spells:

 Your Spells              Type           Power      Damage    Failure   Level
a - Magic Dart            Conj           96%        1d7       95%         1

Your spell library contained the following spells:

 Spells                   Type           Power      Damage    Failure   Level
 Searing Ray              Conj           48%        2d6       98%         2
 Dazzling Flash           Conj/Hex       28%        N/A       100%        3
 Fulminant Prism          Conj/Hex       7%         3d7       100%        4
 Iskenderun's Mystic Bla  Conj/Tloc      14%        2d5       100%        4


Dungeon Overview and Level Annotations

Branches:
Dungeon (3/15)

Altars:

Shops:
D:2 ?

Annotations:
D:3 Ijyb, Robin


Message History

The gnoll is moderately wounded.
The gnoll hits you but does no damage. x2
You hit the gnoll but do no damage.
The gnoll is moderately wounded.
You hit the gnoll.
The gnoll is heavily wounded.
The gnoll hits you with a +0 flail. The gnoll barely misses you.
You hit the gnoll but do no damage.
The gnoll is heavily wounded.
The gnoll hits you but does no damage. The gnoll hits you with a +0 flail.
You hit the gnoll.
The gnoll is almost dead.
You hit the gnoll.
You kill the gnoll!
The gnoll hits you but does no damage.
Your Conjurations skill increases to level 5!
The gnoll hits you with a +0 halberd.
Things that are here:
a +0 flail; 3 stones; a gnoll corpse The gnoll hits you with a +0 halberd.
You hit the gnoll but do no damage. The gnoll hits you with a +0 halberd!
* * * LOW HITPOINT WARNING * * *
The gnoll hits you with a +0 flail.
* * * LOW HITPOINT WARNING * * *
You closely miss the gnoll.
You are confused.
You feel invigorated. The gnoll barely misses you.
The gnoll hits you with a +0 flail.
* * * LOW HITPOINT WARNING * * *
You barely miss the gnoll. The gnoll hits you but does no damage.
The gnoll hits you with a +0 halberd.
You hit the gnoll but do no damage. The gnoll hits you with a +0 flail.
* * * LOW HITPOINT WARNING * * *
The gnoll hits you with a +0 halberd!
* * * LOW HITPOINT WARNING * * *
You bump into the rock wall.
You feel less invigorated.
You feel less confused. The gnoll hits you but does no damage.
The gnoll hits you with a +0 halberd.
You die...

### .# ..# .###
## ##.. ... .#
..##.## .#
#.....######.
#.....#.....#
#..)..#.....#
##g####.....#
#### ####@#
###...####..<
####..g.#
#...#..##..##
####....####
#.###.....##
#....####
##.##....####
##.####
###.....##....#
#..#
##...###.#####.#
###.## ###..###
#.## #.# #...#
##...##
#..####.# #####
#..###
##...##.##


You could see 2 gnolls.

Vanquished Creatures
  2 adders (D:2)
  A gnoll (D:3)
  2 worms (D:2)
  5 endoplasms
  A giant cockroach (D:2)
  12 goblins
  9 hobgoblins
  6 kobolds
  6 ball pythons
  A bat (D:1)
  3 frilled lizards (D:1)
  5 rats
53 creatures vanquished.

Notes
Turn   | Place    | Note
-------+----------+-------------------------------------------
     0 | D:1      | DApurpleWHUMPUS the Human Conjurer began the quest for the
                  | Orb.
     0 | D:1      | Reached XP level 1. HP: 13/13 MP: 3/3
    92 | D:1      | Reached XP level 2. HP: 16/18 MP: 1/5
   632 | D:2      | Noticed Robin
   648 | D:2      | Reached XP level 3. HP: 19/24 MP: 6/6
   966 | D:2      | Found Ustrowucy's Magic Scroll Boutique.
   975 | D:2      | Bought a scroll of identify for 20 gold pieces
   975 | D:2      | Bought a scroll of teleportation for 30 gold pieces
  1003 | D:2      | Reached XP level 4. HP: 22/30 MP: 8/8
  1799 | D:3      | Noticed Ijyb
  1925 | D:3      | Reached skill level 5 in Conjurations
  1932 | D:3      | HP: 1/30 [gnoll/+0 halberd (8)]
  1933 | D:3      | Slain by a gnoll

Illustrated notes

Levels and vault maps discovered:
D:1:      dpeg_arrival_stonehenge_12_columns, layout_basic
D:2:      layout_loops_ring, serial_shops, nicolae_shop_statue_plus,
          grunt_ministairs_2, uniq_robin
D:3:      layout_rooms, okawaru_gym_becter, gup_sewer_entry_bubbles,
          chequers_serial_rivers_small_b, uniq_ijyb, uniq_crazy_yiuf_cottage

Skill      XL: |  1  2  3  4 |
---------------+-------------+-----
Spellcasting   | 3 |  3.3
Conjurations   | 5 |  5.0
Dodging        | |  2.0
Stealth        | |  2.0

Action                     |  1- 3 |  4- 6 || total
---------------------------+-------+-------++-------
  Melee: Dagger            |   127 |    97 ||   224
         Punch             |       |     2 ||     2
   Cast: Magic Dart        |     9 |       ||     9
    Use: Potion            |     1 |     1 ||     2
         Scroll            |       |     1 ||     1
   Stab: Sleeping          |     2 |       ||     2
 Armour: Robe              |    12 |       ||    12
         Chain mail        |    87 |    73 ||   160
  Dodge: Dodged            |    22 |    11 ||    33

Table legend: (Time is in decaauts)
 A = Elapsed time spent in this place.
 B = Non-inter-level travel time spent in this place.
 C = Inter-level travel time spent in this place.
 D = Time resting spent in this place.
 E = Time spent auto-exploring this place.
 F = Levels seen in this place.
 G = Mean time per level.
                   A        B        C        D        E       F      G
               +--------+--------+--------+--------+--------+-----+--------+
         Total |   1858 |   1770 |     88 |    283 |   1119 |   3 |  619.3 |
       Dungeon |   1858 |   1770 |     88 |    283 |   1119 |   3 |  619.3 |
               +--------+--------+--------+--------+--------+-----+--------+

Top non-repeatable levels by time:
     D:2: 838 daAuts
     D:1: 784 daAuts
     D:3: 236 daAuts
